[Event "23rd OIBM 2019"]
[Site "Gmund am Tegernsee"]
[Date "2019.10.31"]
[Round "6.3"]
[White "Azarov, Sergei"]
[Black "Mons, Leon"]
[Result "1-0"]
[ECO "B01"]
[WhiteElo "2586"]
[BlackElo "2552"]
[Annotator "RC"]
[PlyCount "113"]
[EventDate "2019.10.17"]
[EventType "swiss"]
[EventCountry "GER"]
[SourceTitle "playchess.com"]
[Source "ChessBase"]
[SourceQuality "1"]
[TimeControl "40/5400+30:1800+30"]

1. e4 d5 2. exd5 Qxd5 3. Nc3 Qd8 4. d4 Nf6 5. Bg5 c6 6. Bc4 Bf5 7. Nf3 e6 8. O-O Be7 9. Qe2 O-O 10. Rad1 Nbd7 11. Bb3 Nb6 12. Rfe1 Nbd5 13. Nxd5 cxd5 14. Ne5 h6 15. Bh4 Ne4 16. Bxe7 Qxe7 17. c3 Nd6 18. Bc2 Bxc2 19. Qxc2 Qc7 20. f3 Nc4 21. Nd3 Rfe8 22. Qf2 Qa5 23. a3 Qb5 24. Re2 Rac8 25. h4 Qb3 26. Rde1 Qb6 27. g4 Qd6 28. h5 Re7 29. Kg2 Rce8 30. f4 f6 31. Qg3 b6 32. Kh2 Qc7 33. g5 fxg5 34. fxg5 Qxg3+ 35. Kxg3 hxg5 36. Ne5 Nxe5 37. Rxe5 b5 38. Kg4 a5 39. Kxg5 Kh7 40. R1e3 b4 41. cxb4 axb4 42. a4 Rc7 43. Rxe6 Rxe6 44. Rxe6 Rc2 45. b3 Rc3 46. Rb6 Rxb3 47. Kf5 Rb1 48. Ke5 b3 49. Kxd5 b2 50. a5 Ra1 51. Rxb2 Rxa5+ 52. Ke6 Rxh5 53. d5 Rh1 54. Re2 g5 55. d6 Rd1 56. d7 g4 57. Re4 1-0

[Event "23rd OIBM 2019"]
[Site "Gmund am Tegernsee"]
[Date "2019.10.31"]
[Round "6.7"]
[White "Santos Latasa, Jaime"]
[Black "Morawietz, Dieter"]
[Result "1/2-1/2"]
[ECO "E45"]
[WhiteElo "2580"]
[BlackElo "2419"]
[Annotator "RC"]
[PlyCount "134"]
[EventDate "2019.10.17"]
[EventType "swiss"]
[EventCountry "GER"]
[SourceTitle "playchess.com"]
[Source "ChessBase"]
[SourceQuality "1"]
[TimeControl "40/5400+30:1800+30"]

1. d4 Nf6 2. c4 e6 3. Nc3 Bb4 4. e3 b6 5. Nge2 Ba6 6. a3 Bxc3+ 7. Nxc3 d5 8. b3 Nc6 9. a4 O-O 10. Be2 Re8 11. a5 e5 12. dxe5 Nxe5 13. Nxd5 Nxd5 14. Qxd5 Qf6 15. Bb2 Rad8 16. Qe4 Nd3+ 17. Bxd3 Rxe4 18. Bxf6 Rxd3 19. axb6 axb6 20. Bg5 h6 21. Rxa6 Rxb3 22. Kd2 hxg5 23. Rc1 Rb2+ 24. Ke1 Rh4 25. Kf1 Rxh2 26. Kg1 Rh6 27. Ra3 Rd6 28. c5 Rdd2 29. cxb6 cxb6 30. Rf1 Kh7 31. Ra4 Kg6 32. g4 Kf6 33. Re4 g6 34. Kg2 b5 35. Kg3 Rd7 36. Rc1 Rdd2 37. Rf1 Rd7 38. Rc1 Rb7 39. Rc6+ Kg7 40. Rc5 b4 41. Rcc4 b3 42. Rb4 Rxb4 43. Rxb4 Kf6 44. Rb5 Ke6 45. Rxg5 Rc2 46. Rb5 b2 47. f3 Kd6 48. Kf4 Kc6 49. Rb8 f6 50. e4 Kc5 51. g5 f5 52. Ke5 fxe4 53. fxe4 Rf2 54. Ke6 Kd4 55. e5 Kc3 56. Rc8+ Kd3 57. Rb8 Kc2 58. Rc8+ Kd2 59. Rb8 Kc1 60. Kd6 b1=Q 61. Rxb1+ Kxb1 62. e6 Kc2 63. Ke5 Kd3 64. e7 Re2+ 65. Kf6 Kd4 66. Kxg6 Rxe7 67. Kf6 Ra7 1/2-1/2

[Event "23rd OIBM 2019"]
[Site "Gmund am Tegernsee"]
[Date "2019.10.31"]
[Round "6.25"]
[White "Voss, Gunther"]
[Black "Badelka, Olga"]
[Result "0-1"]
[ECO "B24"]
[WhiteElo "2089"]
[BlackElo "2413"]
[Annotator "NA RC"]
[PlyCount "41"]
[EventDate "2019.10.17"]
[EventType "swiss"]
[EventCountry "GER"]
[SourceTitle "playchess.com"]
[Source "ChessBase"]
[SourceQuality "1"]
[TimeControl "40/5400+30:1800+30"]

1. e4 c5 2. Nc3 Nc6 3. a3 e6 4. Nf3 Nf6 5. d4 cxd4 6. Nxd4 d6 7. Be2 Be7 8. Be3 O-O 9. g4 d5 10. exd5 Nxd5 11. Nxd5 exd5 12. Qd2 Ne5 13. g5 Bd7 14. Nf3 Nc4 15. Bxc4 dxc4 16. Rd1 Bc6 17. Qxd8 Bxd8 18. Ke2 f5 19. Rhe1 Re8 20. Rd4 Bc7 21. Ng1 0-1

[Event "23rd OIBM 2019"]
[Site "Gmund am Tegernsee"]
[Date "2019.10.31"]
[Round "6.27"]
[White "Atakisi, Umut"]
[Black "Basener, Winfried"]
[Result "1-0"]
[ECO "C06"]
[WhiteElo "2393"]
[BlackElo "2084"]
[Annotator "RC"]
[PlyCount "113"]
[EventDate "2019.10.17"]
[EventType "swiss"]
[EventCountry "GER"]
[SourceTitle "playchess.com"]
[Source "ChessBase"]
[SourceQuality "1"]
[TimeControl "40/5400+30:1800+30"]

1. e4 e6 2. d4 d5 3. Nd2 Nf6 4. e5 Nfd7 5. Bd3 c5 6. c3 Nc6 7. Ne2 cxd4 8. cxd4 f6 9. exf6 Nxf6 10. O-O Bd6 11. Nf3 Qc7 12. Bg5 O-O 13. Bh4 g6 14. Bg3 Nh5 15. Bxd6 Qxd6 16. Bb5 Rxf3 17. gxf3 Bd7 18. Bxc6 bxc6 19. Rc1 Rf8 20. Rc3 Nf4 21. Nxf4 Rxf4 22. Re1 a5 23. Qd2 Rh4 24. Re5 Kf7 25. f4 a4 26. Rf3 c5 27. h3 Kg7 28. dxc5 Qxc5 29. Qc3 Qxc3 30. bxc3 Kf6 31. Kh2 Rh6 32. Rfe3 Rh5 33. Rxh5 gxh5 34. Kg3 Bb5 35. a3 Be8 36. Re5 Bg6 37. Re2 Ke7 38. Rb2 Kd6 39. Kh4 Kc5 40. Rb4 Bc2 41. Kxh5 Kc6 42. Kh6 Kc7 43. h4 Kc6 44. h5 Kc7 45. Kg7 Kc6 46. h6 Kc7 47. f5 Bxf5 48. Rxa4 e5 49. Kf6 Bc2 50. Rb4 e4 51. a4 Bd3 52. a5 Kc6 53. Ke5 Kc5 54. Rd4 Bc4 55. a6 Bxa6 56. Rxd5+ Kc4 57. Kxe4 {Kxd5+} 1-0

[Event "23rd OIBM 2019"]
[Site "Gmund am Tegernsee"]
[Date "2019.10.31"]
[Round "6.28"]
[White "Schaffarczyk, Andre"]
[Black "Lavrinenkov, Vadim"]
[Result "0-1"]
[ECO "B20"]
[WhiteElo "2084"]
[BlackElo "2306"]
[Annotator "RC"]
[PlyCount "106"]
[EventDate "2019.10.17"]
[EventType "swiss"]
[EventCountry "GER"]
[SourceTitle "playchess.com"]
[Source "ChessBase"]
[SourceQuality "1"]
[TimeControl "40/5400+30:1800+30"]

1. e4 c5 2. Be2 e6 3. f4 d5 4. d3 Nc6 5. Nf3 g6 6. O-O Bg7 7. Qe1 Nge7 8. c3 b6 9. e5 Ba6 10. Na3 Qd7 11. b4 cxb4 12. cxb4 Nd8 13. Rb1 O-O 14. b5 Bb7 15. d4 Rc8 16. Bd3 f6 17. Bd2 f5 18. h3 Nf7 19. g4 Rc7 20. Kh1 Kh8 21. Rg1 Rfc8 22. Rg2 Qd8 23. Qh4 Ng8 24. Qe1 Ngh6 25. g5 Ng8 26. h4 Bf8 27. Rb3 Ne7 28. h5 gxh5 29. Qh4 Ng6 30. Qxh5 Kg8 31. Rh2 Nfh8 32. Nc2 Qd7 33. Nce1 Ra8 34. Qh3 a6 35. a4 axb5 36. axb5 Ra3 37. Rxa3 Bxa3 38. Ng2 Bc1 39. Bxc1 Rxc1+ 40. Ng1 Qc7 41. Qh6 Nf8 42. Rh3 Nhg6 43. Kh2 Rd1 44. Ne2 Bc8 45. Nh4 Rd2 46. Nxg6 Nxg6 47. Kh1 Nxf4 48. Qxh7+ Qxh7 49. Rxh7 Nxd3 50. Rc7 Rxe2 51. Rxc8+ Kf7 52. Rc7+ Kg6 53. Rc6 Nf4 0-1

[Event "23rd OIBM 2019"]
[Site "Gmund am Tegernsee"]
[Date "2019.10.31"]
[Round "6.29"]
[White "Kolb, Tobias"]
[Black "Ludvik, Tomas"]
[Result "0-1"]
[ECO "B26"]
[WhiteElo "2073"]
[BlackElo "2305"]
[Annotator "RC"]
[PlyCount "62"]
[EventDate "2019.10.17"]
[EventType "swiss"]
[EventCountry "GER"]
[SourceTitle "playchess.com"]
[Source "ChessBase"]
[SourceQuality "1"]
[TimeControl "40/5400+30:1800+30"]

1. e4 c5 2. Nc3 Nc6 3. g3 g6 4. Bg2 Bg7 5. d3 d6 6. Be3 Rb8 7. Qd2 b5 8. Nf3 b4 9. Nd1 Nd4 10. O-O Bg4 11. Nh4 Qb6 12. c3 bxc3 13. bxc3 Nc6 14. f4 Nf6 15. Nf2 Bd7 16. e5 dxe5 17. fxe5 Nxe5 18. Bf4 Nh5 19. Rae1 Nxf4 20. Qxf4 Nc6 21. Ng4 O-O 22. Nh6+ Bxh6 23. Qxh6 Rbe8 24. Nf3 f6 25. Re4 Bf5 26. Rh4 Rf7 27. g4 Bxd3 28. Ng5 c4+ 29. Kh1 fxg5 30. Bd5 e6 31. Bxe6 Be4+ 0-1

[Event "23rd OIBM 2019"]
[Site "Gmund am Tegernsee"]
[Date "2019.10.31"]
[Round "6.32"]
[White "Reuter, Roland"]
[Black "Szabo, Marton Mihaly"]
[Result "0-1"]
[ECO "B40"]
[WhiteElo "1904"]
[BlackElo "2282"]
[Annotator "RC"]
[PlyCount "130"]
[EventDate "2019.10.17"]
[EventType "swiss"]
[EventCountry "GER"]
[SourceTitle "playchess.com"]
[Source "ChessBase"]
[SourceQuality "1"]
[TimeControl "40/5400+30:1800+30"]

1. e4 c5 2. Nf3 e6 3. d4 cxd4 4. Nxd4 Bc5 5. Be3 Qb6 6. Nc3 Nc6 7. Na4 Qa5+ 8. c3 Bxd4 9. Bxd4 Nxd4 10. Qxd4 e5 11. Qb4 Qxb4 12. cxb4 Nf6 13. Nc3 d6 14. Bc4 Be6 15. Bxe6 fxe6 16. Rd1 Ke7 17. O-O Rac8 18. f3 g5 19. Rd3 Rhd8 20. Rfd1 a6 21. g3 Rd7 22. a3 b5 23. Kf2 h5 24. Ke2 Rcd8 25. Re3 h4 26. g4 Nh7 27. Rc1 Nf8 28. Nd1 Ng6 29. Rec3 d5 30. Rc7 Nf4+ 31. Ke3 d4+ 32. Kd2 Nh3 33. Ke2 Rxc7 34. Rxc7+ Kd6 35. Ra7 Rf8 36. Rxa6+ Kd7 37. Ra7+ Kc6 38. Nf2 Ng1+ 39. Kf1 Nxf3 40. Kg2 Nxh2 41. Ra6+ Kc7 42. Rxe6 Rxf2+ 43. Kxf2 Nxg4+ 44. Ke2 Ne3 45. Rxe5 g4 46. Rh5 h3 47. Kd3 Nf1 48. Rh7+ Kd6 49. Kxd4 h2 50. e5+ Ke6 51. Rh6+ Kf5 52. e6 g3 53. e7 g2 54. Rh5+ Kg4 55. e8=Q g1=Q+ 56. Kd5 Ne3+ 57. Kc6 h1=Q+ 58. Rxh1 Qxh1+ 59. Kxb5 Qd5+ 60. Ka4 Nc4 61. Qg6+ Kf4 62. Qf6+ Ke4 63. Qg6+ Kd4 64. Qg4+ Kd3 65. Qg3+ Kc2 0-1

[Event "23rd OIBM 2019"]
[Site "Gmund am Tegernsee"]
[Date "2019.10.31"]
[Round "6.34"]
[White "Raupp, Thomas"]
[Black "Kneutgen, Alexander"]
[Result "1/2-1/2"]
[ECO "A27"]
[WhiteElo "2259"]
[BlackElo "1889"]
[Annotator "RC"]
[PlyCount "76"]
[EventDate "2019.10.17"]
[EventType "swiss"]
[EventCountry "GER"]
[SourceTitle "playchess.com"]
[Source "ChessBase"]
[SourceQuality "1"]
[TimeControl "40/5400+30:1800+30"]

1. c4 e5 2. Nc3 Nc6 3. Nf3 f5 4. d4 e4 5. Ng5 Bb4 6. Nh3 Bxc3+ 7. bxc3 d6 8. Nf4 Nf6 9. e3 O-O 10. h4 g6 11. Ba3 b6 12. c5 Na5 13. cxd6 cxd6 14. c4 Re8 15. Qa4 Ba6 16. d5 Qd7 17. Qxd7 Nxd7 18. Bxd6 Bxc4 19. Bb4 Bxf1 20. Rxf1 Rac8 21. Bxa5 bxa5 22. Kd2 Ne5 23. Rac1 Nc4+ 24. Ke2 Kf7 25. Rfd1 Nd6 26. Rc6 Ke7 27. Ra6 Rc7 28. Ne6 Rb7 29. Nc5 Rc7 30. Nb3 Rb8 31. Rxa5 Rc2+ 32. Rd2 Rxd2+ 33. Nxd2 Rb7 34. Ra6 Nb5 35. Rc6 Rc7 36. Re6+ Kd7 37. Ra6 Nc3+ 38. Ke1 Nxd5 1/2-1/2

[Event "23rd OIBM 2019"]
[Site "Gmund am Tegernsee"]
[Date "2019.10.31"]
[Round "6.37"]
[White "Manu David Suthandram R"]
[Black "Koch, Yannick"]
[Result "1-0"]
[ECO "B40"]
[WhiteElo "2403"]
[BlackElo "2109"]
[Annotator "RC"]
[PlyCount "75"]
[EventDate "2019.10.17"]
[EventType "swiss"]
[EventCountry "GER"]
[SourceTitle "playchess.com"]
[Source "ChessBase"]
[SourceQuality "1"]
[TimeControl "40/5400+30:1800+30"]

1. e4 c5 2. Nf3 e6 3. Nc3 Nc6 4. Bb5 Nd4 5. Bd3 Ne7 6. Nxd4 cxd4 7. Ne2 Nc6 8. O-O Bc5 9. c3 O-O 10. Qc2 dxc3 11. dxc3 e5 12. b4 Bb6 13. Kh1 d6 14. f4 exf4 15. Nxf4 Ne5 16. Nd5 Be6 17. Bf4 a5 18. Bb5 Rc8 19. Qd2 Bxd5 20. exd5 axb4 21. cxb4 Qh4 22. Bg5 Qd4 23. Rad1 Qxd2 24. Rxd2 f6 25. Bf4 Rc3 26. h3 Rfc8 27. Kh2 Be3 28. Bxe3 Rxe3 29. Rff2 Re4 30. Rc2 Nc4 31. a4 Nb6 32. a5 Rxc2 33. Rxc2 Rxb4 34. Bd3 Rd4 35. Rd2 Rxd3 36. Rxd3 Nd7 37. Rb3 Nc5 38. Rc3 1-0

[Event "23rd OIBM 2019"]
[Site "Gmund am Tegernsee"]
[Date "2019.10.31"]
[Round "6.39"]
[White "Juergens, Klaus"]
[Black "Soham Das"]
[Result "1-0"]
[ECO "A88"]
[WhiteElo "2121"]
[BlackElo "2376"]
[Annotator "RC"]
[PlyCount "65"]
[EventDate "2019.10.17"]
[EventType "swiss"]
[EventCountry "GER"]
[SourceTitle "playchess.com"]
[Source "ChessBase"]
[SourceQuality "1"]
[TimeControl "40/5400+30:1800+30"]

1. Nf3 f5 2. c4 Nf6 3. g3 g6 4. Bg2 Bg7 5. O-O O-O 6. Nc3 d6 7. d4 c6 8. b3 Qa5 9. Bd2 Qc7 10. Rc1 e5 11. dxe5 dxe5 12. Qc2 Na6 13. Rcd1 Qe7 14. Qc1 e4 15. Nd4 Rd8 16. Bg5 Qf8 17. f3 h6 18. Be3 g5 19. fxe4 Ng4 20. Nxf5 Bxf5 21. exf5 Qe7 22. Ne4 Bb2 23. Rxd8+ Rxd8 24. Qxb2 Nxe3 25. f6 Qf7 26. Rf3 Nd1 27. Qe5 Re8 28. Qf5 Rd8 29. c5 Rd5 30. Qc8+ Qf8 31. f7+ Kg7 32. Qxf8+ Kxf8 33. Nf6 1-0

[Event "23rd OIBM 2019"]
[Site "Gmund am Tegernsee"]
[Date "2019.10.31"]
[Round "6.40"]
[White "Schatz, Dieter"]
[Black "Weber, Ulrich"]
[Result "0-1"]
[ECO "B06"]
[WhiteElo "2113"]
[BlackElo "2360"]
[Annotator "RC"]
[PlyCount "88"]
[EventDate "2019.10.17"]
[EventType "swiss"]
[EventCountry "GER"]
[SourceTitle "playchess.com"]
[Source "ChessBase"]
[SourceQuality "1"]
[TimeControl "40/5400+30:1800+30"]

1. e4 g6 2. Nc3 Bg7 3. g3 c5 4. Bg2 Nc6 5. Nge2 d6 6. d3 e6 7. O-O Nge7 8. Be3 Nd4 9. Qd2 O-O 10. Nd1 Nec6 11. c3 Nxe2+ 12. Qxe2 Qd7 13. h4 b6 14. h5 Ba6 15. h6 Bh8 16. f4 d5 17. Nf2 dxe4 18. Bxe4 Rad8 19. Rfd1 Rfe8 20. Qf3 Ne7 21. Qg2 Nd5 22. Bd2 Qc7 23. Re1 Nf6 24. Rad1 Re7 25. Bc1 Nxe4 26. dxe4 Red7 27. Qf3 Bb7 28. Rxd7 Rxd7 29. Rd1 f5 30. Rxd7 Qxd7 31. Qe3 fxe4 32. Bd2 Qd5 33. a3 Kf8 34. g4 Bf6 35. Kh2 Be7 36. Kg3 Bd6 37. Kh4 e5 38. f5 Be7+ 39. f6 Bxf6+ 40. g5 Be7 41. Ng4 Bc8 42. Qf2+ Bf5 43. Ne3 Bxg5+ 44. Kg3 Bf4+ 0-1

[Event "23rd OIBM 2019"]
[Site "Gmund am Tegernsee"]
[Date "2019.10.31"]
[Round "6.42"]
[White "Fiedorek, Michal"]
[Black "Parvanyan, Alfred"]
[Result "1-0"]
[ECO "B34"]
[WhiteElo "2343"]
[BlackElo "2107"]
[Annotator "RC"]
[PlyCount "119"]
[EventDate "2019.10.17"]
[EventType "swiss"]
[EventCountry "GER"]
[SourceTitle "playchess.com"]
[Source "ChessBase"]
[SourceQuality "1"]
[TimeControl "40/5400+30:1800+30"]

1. e4 c5 2. Nf3 Nc6 3. d4 cxd4 4. Nxd4 Nf6 5. Nc3 e5 6. Ndb5 d6 7. Nd5 Nxd5 8. exd5 Nb8 9. a4 Be7 10. Be2 O-O 11. O-O f5 12. Bd2 Na6 13. f4 Bf6 14. c3 Nc5 15. Be3 Ne4 16. Nxa7 exf4 17. Bd4 Bxd4+ 18. Qxd4 Nc5 19. Nxc8 Nb3 20. Qb6 Nxa1 21. Qxd8 Rxd8 22. Nb6 f3 23. Bb5 Nb3 24. Nxa8 fxg2 25. Rxf5 Rxa8 26. Kxg2 Rf8 27. Rf3 Rxf3 28. Kxf3 Kf7 29. Bd3 g6 30. Ke3 Kf6 31. Bc2 Nc5 32. b4 Nd7 33. Kd4 h5 34. a5 h4 35. Ba4 Nb8 36. Bd1 Nd7 37. Ba4 Nb8 38. Bd1 Nd7 39. Bg4 Ne5 40. Bc8 Ke7 41. Bxb7 Kd8 42. Bc6 Kc8 43. b5 Nf3+ 44. Ke3 Ne5 45. Kd4 Nf3+ 46. Ke4 Nd2+ 47. Kf4 Nc4 48. a6 Kb8 49. Kg5 Ka7 50. Kxh4 Ne5 51. Kg5 Kb6 52. h4 Ka7 53. Be8 Nf3+ 54. Kxg6 Nxh4+ 55. Kf6 Nf3 56. Ke7 Nd2 57. Kxd6 Ne4+ 58. Ke5 Nxc3 59. d6 Na2 60. d7 1-0

[Event "23rd OIBM 2019"]
[Site "Gmund am Tegernsee"]
[Date "2019.10.31"]
[Round "6.44"]
[White "Koepke, Christian"]
[Black "Fauth, Dietmar"]
[Result "1-0"]
[ECO "B32"]
[WhiteElo "2332"]
[BlackElo "2099"]
[Annotator "RC"]
[PlyCount "119"]
[EventDate "2019.10.17"]
[EventType "swiss"]
[EventCountry "GER"]
[SourceTitle "playchess.com"]
[Source "ChessBase"]
[SourceQuality "1"]
[TimeControl "40/5400+30:1800+30"]

1. e4 c5 2. Nf3 Nc6 3. d4 cxd4 4. Nxd4 e5 5. Nb5 d6 6. c4 a6 7. N5c3 Be7 8. Nd5 Nf6 9. Nbc3 O-O 10. Bd3 Nxd5 11. cxd5 Nd4 12. O-O f5 13. exf5 Bxf5 14. Be3 Bxd3 15. Qxd3 Nf5 16. Ne4 Rc8 17. Qb3 Qd7 18. Rac1 h6 19. Rxc8 Rxc8 20. Rc1 Rxc1+ 21. Bxc1 Qc8 22. Qc3 Qxc3 23. bxc3 h5 24. f3 Kf7 25. g4 hxg4 26. fxg4 Nh4 27. Ba3 Ke8 28. Bxd6 Kd7 29. Bxe7 Kxe7 30. c4 b6 31. Kf2 Ng6 32. Ke3 Nf4 33. Ng3 g6 34. Ne2 Nh3 35. Nc3 Kd6 36. Ne4+ Ke7 37. a4 Nf4 38. Nc3 Kd6 39. Ne4+ Ke7 40. g5 Nh3 41. Kd3 Nf4+ 42. Kc3 Kd7 43. a5 bxa5 44. Kb3 Nd3 45. h4 Ke7 46. c5 Nf4 47. Kc4 a4 48. c6 a3 49. d6+ Kd8 50. Kb3 a2 51. Kxa2 Ne6 52. Ka3 Nd4 53. c7+ Kc8 54. Kb4 Nf5 55. Kc5 Kb7 56. Kd5 a5 57. Kxe5 Nxh4 58. Nc5+ Kc8 59. Na4 Nf5 60. Nb6+ 1-0

[Event "23rd OIBM 2019"]
[Site "Gmund am Tegernsee"]
[Date "2019.11.01"]
[Round "7.4"]
[White "Peralta, Fernando"]
[Black "Engel, Luis"]
[Result "1/2-1/2"]
[ECO "D38"]
[WhiteElo "2569"]
[BlackElo "2507"]
[Annotator "ChessBase"]
[PlyCount "57"]
[EventDate "2019.10.17"]
[EventType "swiss"]
[EventCountry "GER"]
[SourceTitle "playchess.com"]
[Source "ChessBase"]
[SourceQuality "1"]
[TimeControl "40/5400+30:1800+30"]

1. d4 Nf6 2. c4 e6 3. Nf3 d5 4. Nc3 Bb4 5. Qa4+ Nc6 6. e3 O-O 7. Bd2 dxc4 8. Bxc4 Bd6 9. Qc2 a6 10. Ne4 h6 11. O-O e5 12. dxe5 Nxe5 13. Nxd6 Nxf3+ 14. gxf3 Qxd6 15. Kh1 Qc6 16. e4 Be6 17. Rac1 Rfd8 18. Be3 Qxc4 19. Qxc4 Bxc4 20. Rxc4 Rd7 21. Rg1 Kh7 22. Rgc1 Ne8 23. Kg2 Rad8 24. Bf4 c6 25. Rb4 g5 26. Be3 Ng7 27. f4 gxf4 28. Bxf4 f5 29. Rc3 1/2-1/2

[Event "23rd OIBM 2019"]
[Site "Gmund am Tegernsee"]
[Date "2019.11.01"]
[Round "7.5"]
[White "Korneev, Oleg"]
[Black "Idani, Pouya"]
[Result "1/2-1/2"]
[ECO "A14"]
[WhiteElo "2504"]
[BlackElo "2568"]
[Annotator "ChessBase"]
[PlyCount "27"]
[EventDate "2019.10.17"]
[EventType "swiss"]
[EventCountry "GER"]
[SourceTitle "playchess.com"]
[Source "ChessBase"]
[SourceQuality "1"]
[TimeControl "40/5400+30:1800+30"]

1. c4 e6 2. Nf3 Nf6 3. g3 d5 4. Bg2 Be7 5. O-O O-O 6. d4 dxc4 7. Qc2 a6 8. Qxc4 b5 9. Qc2 Bb7 10. Bd2 Be4 11. Qc1 Bb7 12. Qc2 Be4 13. Qc1 Bb7 14. Qc2 1/2-1/2

[Event "23rd OIBM 2019"]
[Site "Gmund am Tegernsee"]
[Date "2019.11.01"]
[Round "7.9"]
[White "Badelka, Olga"]
[Black "Santos Latasa, Jaime"]
[Result "0-1"]
[ECO "A16"]
[WhiteElo "2413"]
[BlackElo "2580"]
[Annotator "RC"]
[PlyCount "90"]
[EventDate "2019.10.17"]
[EventType "swiss"]
[EventCountry "GER"]
[SourceTitle "playchess.com"]
[Source "ChessBase"]
[SourceQuality "1"]
[TimeControl "40/5400+30:1800+30"]

1. c4 Nf6 2. Nc3 g6 3. g3 Bg7 4. Bg2 O-O 5. e4 d6 6. Nge2 c5 7. O-O Nc6 8. d3 Bg4 9. h3 Bxe2 10. Nxe2 Nd7 11. Rb1 Rb8 12. Be3 Qc7 13. a3 b5 14. cxb5 Rxb5 15. Nc3 Rbb8 16. Nd5 Qd8 17. Qa4 Rc8 18. b4 e6 19. Nf4 a5 20. bxc5 dxc5 21. Ne2 Qc7 22. f4 Qd6 23. Rbd1 Nd4 24. Bxd4 Bxd4+ 25. Kh2 e5 26. Nxd4 Qxd4 27. Qc2 Rb8 28. Rd2 a4 29. fxe5 Nxe5 30. Rc1 Rfc8 31. Qc3 Qxc3 32. Rxc3 Rb3 33. Rdc2 Nxd3 34. Bf1 Ne5 35. Kg2 Kf8 36. Ba6 Rc6 37. Bc4 Rxc3 38. Rxc3 Rb6 39. Kf2 Ke7 40. Ke3 Kd6 41. Bd5 Rb2 42. Kf4 h6 43. h4 Rf2+ 44. Ke3 Rg2 45. Kf4 f6 0-1

[Event "23rd OIBM 2019"]
[Site "Gmund am Tegernsee"]
[Date "2019.11.01"]
[Round "7.20"]
[White "Hofstetter, Hans-Joachim"]
[Black "Loiseau, Quentin"]
[Result "0-1"]
[ECO "B12"]
[WhiteElo "2210"]
[BlackElo "2471"]
[Annotator "ChessBase"]
[PlyCount "81"]
[EventDate "2019.10.17"]
[EventType "swiss"]
[EventCountry "GER"]
[SourceTitle "playchess.com"]
[Source "ChessBase"]
[SourceQuality "1"]
[TimeControl "40/5400+30:1800+30"]

1. e4 c6 2. d4 d5 3. e5 Bf5 4. Nf3 e6 5. Be2 Ne7 6. Nbd2 c5 7. dxc5 Nec6 8. Nb3 Nd7 9. c4 dxc4 10. Bxc4 Nxc5 11. Be3 Nd3+ 12. Bxd3 Bxd3 13. Bd4 Bb4+ 14. Bc3 Bxc3+ 15. bxc3 Qd5 16. Qd2 Nxe5 17. O-O-O Nxf3 18. Qxd3 Qxd3 19. Rxd3 Ne5 20. Rg3 g6 21. Re1 Nd7 22. Rd3 Ke7 23. Kc2 Rac8 24. Red1 Rc7 25. Nd4 a6 26. Ne2 Rhc8 27. g4 Nf6 28. Rg1 h5 29. h3 Nd5 30. Kb3 hxg4 31. hxg4 Rc4 32. f3 b5 33. Rgd1 Kf6 34. a3 a5 35. Rc1 b4 36. axb4 axb4 37. Rd4 Rxd4 38. cxd4 Ra8 39. f4 Ra3+ 40. Kb2 Rf3 41. g5+ 0-1

[Event "23rd OIBM 2019"]
[Site "Gmund am Tegernsee"]
[Date "2019.11.01"]
[Round "7.29"]
[White "Zude, Arno"]
[Black "Sieglen, Joachim"]
[Result "1/2-1/2"]
[ECO "C18"]
[WhiteElo "2372"]
[BlackElo "2187"]
[Annotator "RC"]
[PlyCount "73"]
[EventDate "2019.10.17"]
[EventType "swiss"]
[EventCountry "GER"]
[SourceTitle "playchess.com"]
[Source "ChessBase"]
[SourceQuality "1"]
[TimeControl "40/5400+30:1800+30"]

1. e4 e6 2. d4 d5 3. Nc3 Bb4 4. e5 c5 5. a3 Bxc3+ 6. bxc3 Ne7 7. Qg4 cxd4 8. Bd3 Qa5 9. Ne2 Nbc6 10. O-O dxc3 11. Qxg7 Rg8 12. Qf6 Ng6 13. Nf4 Ncxe5 14. Nxg6 Nxg6 15. Bg5 Qc7 16. Rfe1 Qe7 17. Qxe7+ Nxe7 18. h4 Ng6 19. h5 Nf8 20. Bf6 Bd7 21. f3 a6 22. a4 Bc6 23. Kf2 Rc8 24. Ra3 Kd7 25. Rb1 Kd6 26. Bxc3 e5 27. Bf5 Re8 28. Bb4+ Kc7 29. Rc3 Nd7 30. Ba5+ Kd6 31. Rxb7 Bxb7 32. Bb4+ Nc5 33. Rxc5 Bc6 34. c4 d4 35. Rb5+ Kc7 36. Ba5+ Kd6 37. Bb4+ 1/2-1/2

[Event "23rd OIBM 2019"]
[Site "Gmund am Tegernsee"]
[Date "2019.11.01"]
[Round "7.32"]
[White "Meertens, Martin"]
[Black "Fiedorek, Michal"]
[Result "0-1"]
[ECO "B68"]
[WhiteElo "2186"]
[BlackElo "2343"]
[Annotator "NA"]
[PlyCount "42"]
[EventDate "2019.10.17"]
[EventType "swiss"]
[EventCountry "GER"]
[SourceTitle "playchess.com"]
[Source "ChessBase"]
[SourceQuality "1"]
[TimeControl "40/5400+30:1800+30"]

1. e4 c5 2. Nf3 Nc6 3. d4 cxd4 4. Nxd4 Nf6 5. Nc3 d6 6. Bg5 e6 7. Qd2 a6 8. O-O-O Bd7 9. f4 Be7 10. Nf3 b5 11. Bd3 Qa5 12. Kb1 b4 13. Ne2 O-O 14. Rhe1 Rfc8 15. Ned4 Nxd4 16. Nxd4 Qb6 17. e5 Nd5 18. Bxe7 Nxe7 19. exd6 Nd5 20. f5 Nc3+ 21. bxc3 bxc3+ {[%emt 0:04:32] Qc1} 0-1

[Event "23rd OIBM 2019"]
[Site "Gmund am Tegernsee"]
[Date "2019.11.01"]
[Round "7.34"]
[White "Schaefer, Michael"]
[Black "Koepke, Christian"]
[Result "1/2-1/2"]
[ECO "A10"]
[WhiteElo "2160"]
[BlackElo "2332"]
[Annotator "NA RC"]
[PlyCount "62"]
[EventDate "2019.10.17"]
[EventType "swiss"]
[EventCountry "GER"]
[SourceTitle "playchess.com"]
[Source "ChessBase"]
[SourceQuality "1"]
[TimeControl "40/5400+30:1800+30"]

1. c4 g6 2. g3 Bg7 3. Bg2 Nf6 4. Nc3 O-O 5. Nf3 d6 6. O-O a6 7. d3 c6 8. Rb1 b5 9. e4 Nbd7 10. Qc2 e5 11. h3 Bb7 12. b4 Re8 13. a4 Rc8 14. Re1 bxc4 15. dxc4 d5 16. c5 a5 17. bxa5 Ba8 18. Ba3 Qxa5 19. Bb4 Qd8 20. Nd2 Bf8 21. Nb3 Rb8 22. Ba3 Bb7 23. a5 Ba6 24. Na4 Nxe4 25. Rxe4 dxe4 26. Bxe4 Rxb3 27. Qxb3 Bb5 28. Rd1 Qc7 29. Nb6 Nf6 30. Bd3 Bxd3 31. Qxd3 e4 1/2-1/2

[Event "23rd OIBM 2019"]
[Site "Gmund am Tegernsee"]
[Date "2019.11.01"]
[Round "7.36"]
[White "Ramaraju, N."]
[Black "Nasshan, Dennis"]
[Result "0-1"]
[ECO "D35"]
[WhiteElo "2139"]
[BlackElo "2306"]
[Annotator "NA"]
[PlyCount "46"]
[EventDate "2019.10.17"]
[EventType "swiss"]
[EventCountry "GER"]
[SourceTitle "playchess.com"]
[Source "ChessBase"]
[SourceQuality "1"]
[TimeControl "40/5400+30:1800+30"]

1. d4 Nf6 2. c4 e6 3. Nc3 d5 4. cxd5 exd5 5. Bg5 Be7 6. e3 c6 7. Bd3 Nbd7 8. Qc2 h6 9. Bh4 Nh5 10. Bxe7 Qxe7 11. Nge2 Nb6 12. O-O O-O 13. Ng3 Nxg3 14. hxg3 Bd7 15. a3 a5 16. Qb3 Qd8 17. Na4 Nxa4 18. Qxa4 h5 19. Qd1 g6 20. Qf3 Bg4 21. Qf4 g5 22. Qxg4 hxg4 23. Bf5 Kg7 0-1